 Dungeon Crawl Stone Soup version 0.32-a0-450-g080537f31e (webtiles) character file.

Game seed: 11678861150766950862

1187 Bravepunisher the Fiendish (level 8, -3/39 HPs)
             Began as a Spriggan Monk on Feb 23, 2024.
             Was a Priest of Makhleb.
             Killed from afar by Maggie (29 damage)
             ... with a bolt of fire
             ... on level 6 of the Dungeon.
             The game lasted 00:13:46 (4409 turns).

Bravepunisher the Fiendish (Spriggan Monk)          Turns: 4409, Time: 00:13:47

Health: -3/39      AC:  2    Str:  7    XL:     8   Next: 19%
Magic:  16/16      EV: 19    Int: 12    God:    Makhleb [***...]
Gold:   260        SH:  0    Dex: 19    Spells: 7/7 levels left

rFire   . . .        q - +1 whip (freeze)
rCold   . . .        (no shield)
rNeg    . . .        b - +0 robe
rPois   .            (helmet restricted)
rElec   .            (no cloak)
rCorr   .            (gloves unavailable)
SInv    +            (boots unavailable)
Will    +....        (no amulet)
Stlth   ++           (no ring)
HPRegen 0.26/turn    (no ring)
MPRegen 0.15/turn

%: no passive effects
@: mesmerised, very quick
A: very small, no large weapons, unfitting armour, see invisible, speed 3
a: Renounce Religion, Minor Destruction, Lesser Servant of Makhleb


You were on level 6 of the Dungeon.
You worshipped Makhleb.
Makhleb was most pleased with you.
You visited 2 branches of the dungeon, and saw 8 of its levels.

You collected 260 gold pieces.

Inventory:

Hand Weapons
 a - a +0 short sword
 q - a +1 whip of freezing (weapon)
Missiles
 m - a throwing net (quivered)
Armour
 b - a +0 robe (worn)
Scrolls
 d - 5 scrolls of teleportation {unknown}
 g - 2 scrolls of noise {unknown}
 h - a scroll of fog {unknown}
 j - 2 scrolls of fear {unknown}
 k - 3 scrolls of identify {unknown}
 p - a scroll of silence {unknown}
 r - a scroll of summoning {unknown}
 s - 2 scrolls of amnesia {unknown}
Potions
 c - a potion of ambrosia
 e - 3 potions of might {unknown}
 f - 3 potions of curing {unknown}
 i - a potion of attraction {unknown}
 l - 2 potions of haste {unknown}
 n - a potion of degeneration {unknown}
 o - a potion of brilliance {unknown}
 t - a potion of heal wounds {unknown}
 u - a potion of berserk rage {unknown}


   Skills:
 - Level 2.5 Fighting
 - Level 3.2 Short Blades
 - Level 4.3 Dodging
 * Level 9.6 Invocations


You had 7 spell levels left.
You didn't know any spells.
Your spell library contained the following spells:

 Spells                   Type           Power      Damage    Failure   Level
 Apportation              Tloc           0%         N/A       32%         1
 Kiss of Death            Conj/Necr      0%         2d5       32%         1
 Necrotise                Necr           0%         1d4       32%         1
 Sting                    Conj/Alch      0%         1d3       32%         1
 Summon Small Mammal      Summ           0%         N/A       32%         1
 Confusing Touch          Hex            0%         N/A       69%         3
 Inner Flame              Hex/Fire       0%         N/A       69%         3
 Ozocubu's Armour         Ice            0%         N/A       69%         3
 Dispel Undead            Necr           0%         3d6       97%         4
 Flame Wave               Conj/Fire      0%         2d4       97%         4
 Sticky Flame             Fire/Alch      0%         2d4       97%         4
 Metabolic Englaciation   Hex/Ice        0%         N/A       100%        5
 Sculpt Simulacrum        Ice/Alch       0%         N/A       100%        6


Dungeon Overview and Level Annotations

Branches:
Dungeon (7/15)             Temple (1/1) D:4

Altars:
Ashenzari
Cheibriados
Dithmenos
Elyvilon
Fedhas
Gozag
Makhleb
Okawaru
Ru
Sif Muna
Trog
Vehumet
Wu Jian
Xom
Yredelemnul
Zin
The Shining One

Annotations:
D:6 Maggie


Innate Abilities, Weirdness & Mutations

You are very small and have problems with some larger weapons.
You are too small for most types of armour.
You have supernaturally acute eyesight. (SInv)
You cover ground extremely quickly. (Speed+++)


Message History

An orc wizard comes into view. It is wielding a +0 dagger.
An orc comes into view. It is wielding a +0 hand axe.
The water moccasin hisses angrily.
You see here an amulet of magic regeneration.
You open the door.
There is an open door here.
As you close the door, it creaks loudly!
You open the door.
Found a stone staircase leading up.
An orc wizard opens the door.
There is an open door here.
There is a stone staircase leading up here.
You climb upwards.
Found a war axe and a scroll labelled EWNEXKUONU.
Found a stone staircase leading up.
There is a stone staircase leading down here.
A phantom and a scorpion come into view.
Found 13 gold pieces.
There is a stone staircase leading down here.
Found 5 stones and a whip.
The phantom hits you.
There is a stone staircase leading up here.
The phantom hits you.
The phantom blinks!
You blink.
You stop ascending the stairs.
Found a plate armour.
Maggie the Vainglorious comes into view.
She is wielding a +0 heavy scimitar.
You see here a +0 war axe.
Found 14 gold pieces.
The scorpion barely misses you.
Maggie casts a spell.
Maggie attempts to bespell you!
You are mesmerised by Maggie!
You cannot move away from Maggie!
Unknown command.
The scorpion misses you. The scorpion closely misses you.
The ice beast hits you. The ice beast freezes you!
The phantom barely misses you.
Maggie points at you and mumbles some strange words.
The bolt of fire hits you!!
Ouch! That really hurt!
You die...

....... ..............
#$ #.........[... . #.
#............. .. #.
#.##.##.#...@
...##.###.##.##....
...........#?#..$#
..........).>#...#
.........@..@....#
.........YW..##..#
.........s...###W######
.............##.......#
.............##.......#
.............##.Y.....#
..........<..##.W.....#
.....#.....#.#........##
...######.##............


You could see Maggie (mesmerising), an ice beast, a phantom and a scorpion.

Vanquished Creatures
  A centaur (D:5)
  A kobold brigand (D:7)
  2 scorpions (D:4)
  A gnoll sergeant (D:5)
  A howler monkey (D:5)
  A bombardier beetle (D:5)
  2 hounds
  An orc priest (D:2)
  An iguana (D:5)
  5 adders
  7 gnolls (D:5)
  5 dart slugs
  9 orcs
  12 endoplasms
  4 giant cockroaches
  4 goblins
  10 hobgoblins
  A quokka (D:1)
  7 ball pythons
  4 bats
  7 frilled lizards
  6 kobolds
  4 rats
  A spectral kobold (D:1)
97 creatures vanquished.

Vanquished Creatures (collateral kills)
  Pikel (D:4)
1 creature vanquished.

Grand Total: 98 creatures vanquished

Notes
Turn   | Place    | Note
-------+----------+-------------------------------------------
     0 | D:1      | Bravepunisher the Spriggan Monk began the quest for the
                  | Orb.
     0 | D:1      | Reached XP level 1. HP: 11/11 MP: 2/2
   199 | D:4      | Found a staircase to the Ecumenical Temple.
   206 | Temple   | Entered the Ecumenical Temple
   221 | Temple   | Became a worshipper of Makhleb the Destroyer
   221 | Temple   | Reached * piety under Makhleb
   221 | Temple   | Reached ** piety under Makhleb
   358 | D:1      | Reached XP level 2. HP: 15/16 MP: 3/3
   379 | D:1      | Reached skill level 1 in Invocations
   484 | D:1      | Found a faded altar of an unknown god.
   739 | D:1      | Reached skill level 2 in Invocations
   911 | D:1      | Reached XP level 3. HP: 18/19 MP: 5/5
  1786 | D:2      | Reached skill level 3 in Invocations
  1786 | D:2      | Reached XP level 4. HP: 22/23 MP: 7/7
  1949 | D:3      | Reached *** piety under Makhleb
  2331 | D:3      | Found a blossoming altar of Fedhas.
  2447 | D:3      | Reached skill level 4 in Invocations
  2844 | D:4      | Noticed a scorpion
  2848 | D:4      | Killed a scorpion
  2849 | D:4      | Reached XP level 5. HP: 27/27 MP: 9/9
  2894 | D:4      | Found a glowing silver altar of Zin.
  2911 | D:4      | Found a shadowy altar of Dithmenos.
  2953 | D:4      | Reached skill level 5 in Invocations
  2990 | D:4      | Noticed a lemure
  3026 | D:4      | Noticed a lemure
  3035 | D:4      | Noticed a lemure
  3037 | D:4      | Noticed a lemure
  3070 | D:4      | Reached XP level 6. HP: 31/32 MP: 11/11
  3241 | D:4      | Noticed Pikel
  3271 | D:4      | Killed Pikel
  3272 | D:4      | Reached skill level 8 in Invocations
  3272 | D:4      | Reached XP level 7. HP: 14/35 MP: 11/14
  3571 | D:5      | Entered Level 5 of the Dungeon
  4082 | D:5      | Reached skill level 9 in Invocations
  4097 | D:5      | Reached XP level 8. HP: 34/39 MP: 15/15
  4283 | D:5      | You fall into a shaft and drop 2 floors!
  4393 | D:6      | Noticed Maggie
  4409 | D:6      | Killed from afar by Maggie

Illustrated notes

Levels and vault maps discovered:
D:1:      dpeg_arrival_morbid_curiosity, layout_basic,
          dreamdust_ecumenical_altar_drowned_temple,
          nicolae_twisty_statue_hallways
D:2:      layout_basic
D:3:      layout_basic, mainiacjoe_overflow_surrounded_room, serial_park_tiny_2
D:4:      layout_cave_pools, zin_treasury, grunt_dithmenos_smoke,
          minmay_temple_entry_nine_rooms, uniq_pikel
D:5:      layout_rooms, nrook_loot_triangle
D:6:      layout_rooms, nicolae_shop_sticking_my_neck_out, uniq_maggie,
          uniq_duvessa
D:7:      layout_gridville, mainiacjoe_overflow_alcove_1, gammafunk_ghost_hive,
          nicolae_the_louvre
Temple:   nicolae_temple_great_sept

Skill      XL: |  1  2  3  4  5  6  7 |
---------------+----------------------+-----
Invocations    | 2 3 4 5 8 9 |  9.6
Fighting       | |  2.5
Short Blades   | |  3.2
Dodging        | |  4.3

Action                     |  1- 3 |  4- 6 |  7- 9 || total
---------------------------+-------+-------+-------++-------
  Melee: Short sword       |    49 |     6 |       ||    55
         Whip              |       |       |     7 ||     7
 Invoke: Minor Destruction |    58 |    72 |    86 ||   216
         Lesser Servant of |       |     1 |       ||     1
 Armour: Robe              |    11 |     4 |    17 ||    32
  Dodge: Dodged            |    54 |    11 |    36 ||   101

Table legend: (Time is in decaauts)
 A = Elapsed time spent in this place.
 B = Non-inter-level travel time spent in this place.
 C = Inter-level travel time spent in this place.
 D = Time resting spent in this place.
 E = Time spent auto-exploring this place.
 F = Levels seen in this place.
 G = Mean time per level.
                   A        B        C        D        E       F      G
               +--------+--------+--------+--------+--------+-----+--------+
         Total |   3066 |   2810 |    256 |    115 |   1910 |   8 |  383.2 |
       Dungeon |   3049 |   2806 |    243 |    115 |   1910 |   7 |  435.6 |
        Temple |     17 |      4 |     13 |      0 |      0 |   1 |   17.0 |
               +--------+--------+--------+--------+--------+-----+--------+

Top non-repeatable levels by time:
     D:1: 857 daAuts
     D:3: 708 daAuts
     D:4: 560 daAuts
     D:5: 469 daAuts
     D:2: 359 daAuts
     D:7: 70 daAuts
     D:6: 23 daAuts
  Temple: 17 daAuts
